 Dungeon Crawl Stone Soup version 0.17-a0-530-gbe3d13a (webtiles) character file.

21730 Fluffy the Champion of Chaos (level 12, -6/100 HPs)
             Began as a Demonspawn Gladiator on Apr 12, 2015.
             Was the Champion of Makhleb.
             Mangled by Snorg (14 damage)
             ... on level 3 of the Orcish Mines.
             The game lasted 01:13:02 (21478 turns).

Fluffy the Champion of Chaos (DsGl)                Turns: 21478, Time: 01:13:02

Health: -6/100     AC: 36    Str: 25    XL:     12   Next: 56%
Magic:  20/20      EV:  9    Int: 10    God:    Makhleb [******]
Gold:   1554       SH:  0    Dex: 16    Spells: 0 memorised, 11 levels left

rFire  . . .     SeeInvis .     K - +0 long sword (protect)
rCold  x . .     Clarity  .     z - +2 plate armour {MR+}
rNeg   . . .     SustAb   .     (no shield)
rPois  +         Gourm    .     N - +1 hat of the Red Skies {rC- Regen+ Str+7}
rElec  +         Spirit   .     H - +0 cloak
rCorr  .         Warding  .     l - +2 pair of gloves (curse)
rMut   .         Stasis   +     (no boots)
MR     +....                    J - amulet of stasis
Stlth  ..........               o - +5 ring of protection (curse)
                                y - ring of poison resistance

@: somewhat resistant to hostile enchantments, extremely unstealthy
A: hooves 1, thin metallic scales 3, rot immunity
a: Minor Destruction, Lesser Servant of Makhleb, Major Destruction, Greater
Servant of Makhleb, Renounce Religion


You were on level 3 of the Orcish Mines.
You worshipped Makhleb.
Makhleb was exalted by your worship.
You were not hungry.

You visited 3 branches of the dungeon, and saw 17 of its levels.

You collected 1554 gold pieces.

Inventory:

Hand weapons
 w - the +10 hand crossbow of Etix {venom, Stlth+}
   (You found it on level 5 of the Dungeon)

   It poisons the ammo it fires.
   It makes you more stealthy.
 K - a +0 long sword of protection (weapon)
Missiles
 d - 2 throwing nets (quivered)
 x - 27 bolts
Armour
 l - a cursed +2 pair of gloves (worn)
 z - a +2 plate armour of magic resistance (worn)
 H - a +0 cloak (worn)
 N - the +1 hat of the Red Skies (worn) {rC- Regen+ Str+7}
   (You found it on level 3 of the Orcish Mines)

   It affects your strength (+7).
   It makes you vulnerable to cold.
   It increases your rate of regeneration.
 O - a +0 hat of spirit shield
Jewellery
 i - an uncursed amulet of resist corrosion
 o - a cursed +5 ring of protection (right hand)
 y - a ring of poison resistance (left hand)
 J - an amulet of stasis (around neck)
Magical devices
 e - a wand of heal wounds (3)
 j - a wand of fire (2)
 m - a wand of paralysis (3)
 n - a wand of heal wounds (0)
 s - a wand of enslavement (4)
 t - a wand of slowing (31)
 u - a wand of paralysis (9)
 A - a wand of fireball (7)
 G - a wand of digging (0)
 M - a wand of magic darts (1)
Scrolls
 a - 2 scrolls of recharging
 r - a scroll of fog
 v - 2 scrolls of remove curse
 C - 2 scrolls of teleportation
 F - 3 scrolls of identify
Potions
 g - 4 potions of restore abilities
 h - 3 potions of resistance
 p - a potion of magic
 q - a potion of cure mutation
 B - a potion of ambrosia
 D - 2 potions of cancellation
 I - 3 potions of curing
Miscellaneous
 L - a legendary deck of wonders
Comestibles
 b - 4 beef jerkies
 c - 2 chunks of flesh
 f - 7 bread rations
 k - 7 meat rations
 E - 6 slices of pizza


   Skills:
 + Level 11.4 Fighting
 + Level 10.7 Long Blades
 - Level 1.7 Throwing
 + Level 10.0 Armour
 - Level 2.6 Dodging
 + Level 11.5 Invocations


You had 11 spell levels left.
You didn't know any spells.

Dungeon Overview and Level Annotations

Branches:
Dungeon (12/15)            Temple (1/1) D:6            Lair (0/8) D:9
    Orc (4/4) D:11            Elf (0/3) Orc:4

Altars:
Ashenzari
Cheibriados
Dithmenos
Elyvilon
Fedhas
Gozag
Kikubaaqudgha
Makhleb
Nemelex Xobeh
Okawaru
Qazlal
Ru
Sif Muna
Trog
Vehumet
Xom
Yredelemnul
Zin
The Shining One
Beogh

Shops:
D:4 *   Orc:1 *   Orc:2 %

Annotations:
D:3 Fluffy's ghost, average DsGl
D:7 Voda's ghost, experienced GrBe
Orc:3 Snorg


Innate Abilities, Weirdness & Mutations

You have large cloven feet.
You are completely covered in thin metallic scales (AC +4, rElec).
You are immune to rotting.


Message History

Attack!
Snorg barely misses you. Snorg claws you.
* * * LOW HITPOINT WARNING * * *
Snorg claws you!
* * * LOW HITPOINT WARNING * * *
Your balrug gestures at Snorg.
The sticky flame hits Snorg.
Snorg is covered in liquid flames!
Snorg closely misses your balrug. Snorg claws your balrug.
Snorg barely misses your balrug. Something bites your balrug!
Something claws your balrug! Something closely misses your balrug.
Something bites your balrug! Something claws your balrug!
Something claws your balrug. Something barely misses your balrug.
Something claws your balrug!
Something claws your balrug but does no damage.
Something bites your balrug!!
Your balrug dies!
You hear a shout!
Snorg burns!
Snorg burns!
Snorg barely misses you. Snorg barely misses you. Snorg claws you!
You die...

####.## ##.....##
###.......# ##.........###
# #............## ##
#...#..#......###.
##.##........#.#>.
#####.##.#............
##.##.@...............#
#......T#.#............
###..#.....#)[...........
##..........)[)...........
#............[..#..[)[....
##....#########...[><[....
#..##### ####...[....
#......## ######.#....
##......## #.######....


You could see Snorg (berserk).

Vanquished Creatures
  Nergalle (D:12)
  An unseen horror (D:11)
  An orc knight (Orc:1)
  Pikel (D:9)
  5 hill giants
  2 cyclopes (D:12)
  2 manticores
  2 centaur zombies
  Maurice (D:12)
  A fire drake (D:9)
  A troll (D:12)
  4 wraiths
  Sigmund (D:2)
  4 deep elf magi
  A hog (D:9)
  14 yaks
  3 hungry ghosts
  4 vampire mosquitoes (D:12)
  3 wargs
  3 hippogriffs
  A human (D:9)
  2 water moccasins
  A soldier ant (D:12)
  7 ogres
  2 black bears (D:7)
  12 orc warriors
  A swamp drake (Orc:3)
  6 sky beasts
  A necrophage (D:9)
  11 centaurs
  4 phantoms
  An elf zombie (D:9)
  2 crocodiles
  4 giant frogs
  3 big kobolds
  6 scorpions
  2 jellies
  An electric eel (Orc:1)
  A troll zombie (D:9)
  3 killer bees (D:12)
  A water moccasin skeleton (D:6)
  10 wights
  7 crimson imps
  21 orc priests
  2 human zombies (D:9)
  An iron imp (Orc:3)
  7 hounds
  An iguana (D:10)
  A giant frog skeleton (D:8)
  25 orc wizards
  A human skeleton (D:9)
  2 spectral orcs (D:12)
  5 worker ants
  3 sheep (D:9)
  An ogre skeleton (D:9)
  A hound zombie (D:8)
  2 mummies
  4 gnolls (D:5)
  A worker ant zombie (D:7)
  19 adders
  2 shadow imps
  A white imp (Orc:3)
  An adder skeleton (D:5)
  An adder zombie (D:7)
  5 giant geckos
  An ooze (D:2)
  172 orcs
  A ball python (D:1)
  2 bat skeletons
  A bat zombie (D:8)
  7 giant cockroaches
  22 hobgoblins
  10 jackals
  4 quokkas
  15 bats
  6 giant newts
  25 goblins
  31 kobolds
  2 orc zombies
  14 rats
  3 ballistomycetes
567 creatures vanquished.

Vanquished Creatures (collateral kills)
  An orc knight (Orc:3)
  An orc warrior (Orc:3)
  4 orcs (Orc:3)
6 creatures vanquished.

Vanquished Creatures (others)
  A balrug (Orc:3)
  An orange demon (Orc:3)
  A ynoxinul (Orc:3)
  A deep elf mage (Orc:3)
  A neqoxec (Orc:1)
  3 orc wizards (Orc:3)
  2 orcs
  4 giant spores
  5 fungi (D:5)
19 creatures vanquished.

Grand Total: 592 creatures vanquished

Notes
Turn   | Place    | Note
--------------------------------------------------------------
     0 | D:1      | Fluffy, the Demonspawn Gladiator, began the quest for the Orb.
     0 | D:1      | Reached XP level 1. HP: 16/16 MP: 1/1
   133 | D:1      | Gained mutation: You are partially covered in thin metallic scales (AC +2). [demonic ancestry]
   133 | D:1      | Reached XP level 2. HP: 16/23 MP: 2/2
   242 | D:1      | Reached skill level 3 in Long Blades
   458 | D:1      | Gained mutation: You have large cloven feet. [demonic ancestry]
   458 | D:1      | Reached XP level 3. HP: 24/28 MP: 3/3
   632 | D:2      | Found a stormy altar of Qazlal.
   632 | D:2      | Found a bloodstained altar of Trog.
   758 | D:2      | Gained mutation: You are mostly covered in thin metallic scales (AC +3). [demonic ancestry]
   758 | D:2      | Reached XP level 4. HP: 24/35 MP: 4/4
   972 | D:2      | Noticed Sigmund
  1380 | D:3      | Noticed Fluffy's ghost (average DsGl)
  1945 | D:2      | Reached skill level 1 in Armour
  2819 | D:2      | Killed Sigmund
  2819 | D:2      | Reached skill level 4 in Fighting
  2819 | D:2      | Reached XP level 5. HP: 27/42 MP: 5/5
  3434 | D:4      | Gained mutation: You are immune to rotting. [demonic ancestry]
  3434 | D:4      | Reached XP level 6. HP: 48/48 MP: 6/6
  3522 | D:4      | Noticed a phantom
  3582 | D:4      | Killed a phantom
  3870 | D:4      | Found a snail-covered altar of Cheibriados.
  4126 | D:4      | Found Valesm's Assorted Antiques.
  4860 | D:5      | Entered Level 5 of the Dungeon
  4931 | D:4      | Reached skill level 5 in Long Blades
  4931 | D:4      | Reached XP level 7. HP: 44/55 MP: 7/7
  4997 | D:4      | Reached skill level 5 in Fighting
  5396 | D:5      | Got a slimy hand crossbow
  5397 | D:5      | Identified the +10 hand crossbow of Etix {venom, Stlth+} (You found it on level 5 of the Dungeon)
  5808 | D:5      | Reached XP level 8. HP: 57/64 MP: 8/8
  5842 | D:5      | Reached skill level 6 in Fighting
  6168 | D:5      | Found a deep blue altar of Sif Muna.
  6247 | D:5      | Found an iron altar of Okawaru.
  6407 | D:6      | Found a sacrificial altar of Ru.
  6407 | D:6      | Found an opulent altar of Gozag.
  6687 | D:6      | Reached skill level 5 in Armour
  6772 | D:6      | Found a staircase to the Ecumenical Temple.
  6962 | Temple   | Entered the Ecumenical Temple
  7023 | Temple   | Became a worshipper of Makhleb the Destroyer
  7413 | D:6      | Reached skill level 7 in Fighting
  7532 | D:7      | Reached skill level 1 in Invocations
  7582 | D:7      | Found a glowing golden altar of the Shining One.
  8078 | D:7      | Identified the Collected Works on the Compass
  8092 | D:7      | Gained mutation: You are completely covered in thin metallic scales (AC +4, rElec). [demonic ancestry]
  8092 | D:7      | Reached XP level 9. HP: 72/72 MP: 10/10
  8152 | D:7      | Acquired Makhleb's first power
  8797 | D:7      | Found a radiant altar of Vehumet.
  8819 | D:7      | Noticed Voda's ghost (experienced GrBe)
 10569 | D:8      | Acquired Makhleb's second power
 10767 | D:8      | Reached skill level 8 in Fighting
 11262 | D:8      | Reached skill level 5 in Invocations
 11286 | D:8      | Reached XP level 10. HP: 50/82 MP: 13/13
 11466 | D:8      | Acquired Makhleb's third power
 12044 | D:9      | Found a staircase to the Lair.
 12045 | D:9      | Noticed a fire drake
 12069 | D:9      | Killed a fire drake
 12339 | D:9      | Noticed Pikel
 12352 | D:9      | Killed Pikel
 12367 | D:9      | Found an ancient bone altar of Kikubaaqudgha.
 12620 | D:9      | Reached skill level 9 in Fighting
 12623 | D:9      | Found a basalt altar of Yredelemnul.
 13146 | D:10     | Entered Level 10 of the Dungeon
 13153 | D:10     | Acquired Makhleb's fourth power
 13164 | D:10     | Found an iron altar of Okawaru.
 13231 | D:10     | Noticed a manticore
 14158 | D:10     | Killed a manticore
 14264 | D:10     | Reached XP level 11. HP: 89/89 MP: 16/16
 15525 | D:11     | Killed an unseen horror
 15839 | D:11     | Noticed a hill giant
 15885 | D:11     | Killed a hill giant
 16095 | D:11     | Acquired Makhleb's fifth power
 16102 | D:11     | Reached skill level 10 in Fighting
 16274 | D:11     | Found a roughly hewn altar of Beogh.
 16277 | D:11     | Found a staircase to the Orcish Mines.
 16744 | D:12     | Noticed a hill giant
 16766 | D:12     | Killed a hill giant
 16799 | D:12     | Reached skill level 10 in Long Blades
 17048 | D:12     | Noticed Maurice
 17058 | D:12     | Killed Maurice
 17136 | D:12     | Noticed a hill giant
 17151 | D:12     | Killed a hill giant
 17151 | D:12     | Reached skill level 10 in Invocations
 17294 | D:12     | Noticed a hill giant
 17300 | D:12     | Killed a hill giant
 17300 | D:12     | Reached XP level 12. HP: 97/99 MP: 19/19
 17558 | D:12     | Noticed Nergalle
 17599 | D:12     | Killed Nergalle
 17688 | D:12     | Reached skill level 11 in Fighting
 18064 | Orc:1    | Entered Level 1 of the Orcish Mines
 18679 | Orc:1    | Found Neff's General Store.
 19313 | Orc:2    | Found Togehum's Food Emporium.
 20253 | Orc:3    | Got a warped hat
 20269 | Orc:3    | Identified the +1 hat of the Red Skies {rC- Regen+ Str+7} (You found it on level 3 of the Orcish Mines)
 20509 | Orc:4    | Entered Level 4 of the Orcish Mines
 20509 | Orc:4    | Found a staircase to the Elven Halls.
 21073 | Orc:4    | Noticed Snorg
 21222 | Orc:3    | Reached skill level 10 in Armour
 21461 | Orc:3    | HP: 5/100 [Snorg (10)]
 21472 | Orc:3    | HP: 4/100 [Snorg (9)]
 21478 | Orc:3    | Mangled by Snorg

Action                   |  1- 3 |  4- 6 |  7- 9 | 10-12 || total
-------------------------+-------+-------+-------+-------++-------
Melee: Long sword        |   134 |   259 |   793 |  1186 ||  2372
       Falchion          |       |       |       |   611 ||   611
 Fire: Hand crossbow     |       |       |    29 |    57 ||    86
Throw: Throwing net      |       |     1 |     1 |     2 ||     4
Invok: Major Destruction |       |       |       |     3 ||     3
       Lesser Servant of |       |       |       |     3 ||     3
       Greater Servant o |       |       |       |     2 ||     2
Evoke: Wand              |       |       |       |     2 ||     2
  Use: Scroll            |       |     8 |    10 |     5 ||    23
       Potion            |       |       |     3 |     1 ||     4
 Stab: Held in net/web   |       |     2 |       |       ||     2
       Distracted        |       |       |       |     1 ||     1
  Eat: Chunk             |       |    13 |    22 |    34 ||    69
       Fruit             |       |       |     2 |     2 ||     4
       Pizza             |       |       |       |     1 ||     1
